 Dungeon Crawl Stone Soup version 0.29-a0-359-g541a27f54d (webtiles) character file.

Game seed: 4901536629947707903

72 Colgate the Cutter (level 4, -5/26 HPs)
             Began as a Kobold Brigand on Apr 28, 2022.
             Was a Believer of Makhleb.
             Slain by a gnoll
             ... wielding a +0 club
              (7 damage)
             ... on level 3 of the Dungeon.
             The game lasted 00:02:43 (1956 turns).

Colgate the Cutter (Kobold Brigand)                 Turns: 1956, Time: 00:02:44

Health: -5/26      AC:  4    Str:  8    XL:     4   Next: 48%
Magic:  4/4        EV: 14    Int: 12    God:    Makhleb [**....]
Gold:   147        SH:  0    Dex: 18    Spells: 3/3 levels left

rFire   . . .      SeeInvis .   a - +2 dagger
rCold   . . .      Faith    .   (no shield)
rNeg    . . .      Spirit   .   b - +0 robe
rPois   .          Reflect  .   i - +0 helmet
rElec   .          Harm     .   c - +0 cloak
rCorr   .          Rampage  .   (no gloves)
Will    .....                   (no boots)
Stlth   ++++......              (no amulet)
HPRegen 0.08/turn               (no ring)
MPRegen 0.09/turn               (no ring)

@: no status effects
A: small, no large weapons, nightstalker 3
a: Renounce Religion, Minor Destruction


You were on level 3 of the Dungeon.
You worshipped Makhleb.
Makhleb was pleased with you.
You visited 1 branch of the dungeon, and saw 3 of its levels.

You collected 147 gold pieces.

Inventory:

Hand Weapons
 a - a +2 dagger (weapon)
Missiles
 d - 14 poisoned darts (quivered)
 e - 3 curare-tipped darts
Armour
 b - a +0 robe (worn)
 c - a +0 cloak (worn)
 i - a +0 helmet (worn)
 o - a +0 pair of gloves
Scrolls
 f - a scroll of blinking {@r4}
 g - a scroll of identify {unknown}
 j - a scroll of teleportation {unknown}
 m - a scroll of immolation
 p - a scroll of amnesia {unknown}
 q - a scroll of magic mapping {unknown}
 r - a scroll of noise {unknown}
Potions
 h - a potion of invisibility {unknown}
 k - 3 potions of lignification {unknown}
 l - a potion of attraction {unknown}
 n - a potion of brilliance {unknown}


   Skills:
 - Level 2.1 Fighting
 + Level 5.8 Short Blades
 - Level 2.1 Throwing
 - Level 1.2 Dodging
 - Level 5.3 Stealth


You had 3 spell levels left.
You didn't know any spells.
Your spell library contained the following spells:

 Spells                   Type           Power      Damage    Failure   Level
 Dazzling Flash           Conj/Hex       0%         N/A       69%         3
 Agony                    Necr           0%         N/A       100%        5
 Silence                  Hex/Air        0%         N/A       100%        5


Dungeon Overview and Level Annotations

Branches:
Dungeon (3/15)

Altars:
Makhleb


Innate Abilities, Weirdness & Mutations

You are small and have problems with some larger weapons.
You are completely attuned to the shadows.


Message History

A gnoll is nearby!
A gnoll comes into view. It is wielding a +0 club.
There are monsters nearby!
A gnoll comes into view. It is wielding a +0 club.
The gnoll shouts! x2
The gnoll hits you with a +0 halberd!
Ouch! That really hurt!
The gnoll shouts!
There are monsters nearby!
You are too injured to fight recklessly!
There are monsters nearby!
You hit the gnoll but do no damage. The gnoll barely misses you.
You hit the gnoll. The gnoll misses you. The gnoll hits you with a +0 club.
* * * LOW HITPOINT WARNING * * *
You hit the gnoll but do no damage. The gnoll hits you but does no damage.
The gnoll barely misses you. The gnoll completely misses you.
You hit the gnoll. You hit the gnoll but do no damage. The gnoll misses you.
The gnoll hits you with a +0 halberd.
* * * LOW HITPOINT WARNING * * *
The gnoll misses you.
You hit the gnoll. The gnoll barely misses you. x3
You hit the gnoll. The gnoll hits you with a +0 club.
* * * LOW HITPOINT WARNING * * *
The gnoll barely misses you. The gnoll closely misses you.
You hit the gnoll.
You kill the gnoll!
Makhleb accepts your kill.
You feel better. The gnoll closely misses you.
Things that are here:
a +0 halberd; a gnoll corpse
There is a stone staircase leading up here.
The gnoll attacks as you move away! The gnoll closely misses you.
The gnoll attacks as you move away! The gnoll barely misses you.
The gnoll attacks as you move away! The gnoll hits you but does no damage.
You hit the gnoll. The gnoll hits you with a +0 club.
* * * LOW HITPOINT WARNING * * *
The gnoll hits you with a +0 club!
You die...

#....### ###.........#
#.#### ........#.#
.###.#### ####......#
......... ......)...#
####.####.####...<....#
#.# .............# #.#
............#
...####.#####.#.#g....####
...##...........@g.####
...##.#.#####.####.#
...##.#.# ..# ...##.#.# ##
#.###.#.#### ...........#
##.###.....# #.###.....#
#..###.####


You could see 2 gnolls.

Vanquished Creatures
  A gnoll (D:3)
  2 adders
  4 dart slugs
  3 ball pythons
  4 bats
  4 endoplasms
  A giant cockroach (D:2)
  2 goblins
  4 hobgoblins
  4 kobolds
  2 quokkas (D:1)
  3 frilled lizards
  2 rats
36 creatures vanquished.

Notes
Turn   | Place    | Note
-------+----------+-------------------------------------------
     0 | D:1      | Colgate the Kobold Brigand began the quest for the Orb.
     0 | D:1      | Reached XP level 1. HP: 12/12 MP: 1/1
   279 | D:1      | Reached XP level 2. HP: 17/17 MP: 2/2
   367 | D:1      | Found a faded altar of an unknown god.
   371 | D:1      | Prayed at the altar of an unknown god.
   371 | D:1      | Became a worshipper of Makhleb the Destroyer
   371 | D:1      | Reached * piety under Makhleb
   842 | D:2      | Reached XP level 3. HP: 21/21 MP: 3/3
  1171 | D:2      | Reached skill level 5 in Short Blades
  1511 | D:2      | Reached ** piety under Makhleb
  1865 | D:3      | Reached XP level 4. HP: 26/26 MP: 4/4
  1956 | D:3      | Slain by a gnoll

Illustrated notes

Levels and vault maps discovered:
D:1:      lemuel_arrival_lava_pool, layout_loops_ring,
          dreamdust_ecumenical_altar_statues
D:2:      layout_loops_ring, grunt_decor_mini_mirrors
D:3:      layout_basic, serial_bayou_crossing

Skill      XL: |  1  2  3 |
---------------+----------+-----
Short Blades   | 3 4 5 |  5.8
Fighting       | |  2.1
Throwing       | |  2.1
Dodging        | |  1.2
Stealth        | |  5.3

Action                   |  1- 3 |  4- 6 || total
-------------------------+-------+-------++-------
Melee: Dagger            |    69 |    15 ||    84
  Use: Scroll            |     2 |       ||     2
 Stab: Sleeping          |    17 |     5 ||    22
       Distracted        |       |     1 ||     1
Armor: Robe              |    10 |     2 ||    12
Dodge: Dodged            |    34 |    14 ||    48

Table legend: (Time is in decaauts)
 A = Elapsed time spent in this place.
 B = Non-inter-level travel time spent in this place.
 C = Inter-level travel time spent in this place.
 D = Time resting spent in this place.
 E = Time spent auto-exploring this place.
 F = Levels seen in this place.
 G = Mean time per level.
                   A        B        C        D        E       F      G
               +--------+--------+--------+--------+--------+-----+--------+
         Total |   1938 |   1838 |    100 |      0 |   1595 |   3 |  646.0 |
       Dungeon |   1938 |   1838 |    100 |      0 |   1595 |   3 |  646.0 |
               +--------+--------+--------+--------+--------+-----+--------+

Top non-repeatable levels by time:
     D:2: 983 daAuts
     D:1: 850 daAuts
     D:3: 103 daAuts
